 Dungeon Crawl Stone Soup version 0.19.1-28-ge1247f7 (webtiles) character file.

441 dngmouse the Cudgeler (level 6, -1/56 HPs)
             Began as a Minotaur Fighter on Jan 21, 2017.
             Killed from afar by an orc wizard (8 damage)
             ... with a magic dart
             ... on level 5 of the Dungeon.
             The game lasted 00:09:56 (3888 turns).

dngmouse the Cudgeler (Minotaur Fighter)            Turns: 3888, Time: 00:09:57

Health: -1/56      AC: 11    Str: 20    XL:     6   Next: 70%
Magic:  5/5        EV:  3    Int:  5    God:
Gold:   258        SH:  9    Dex: 12    Spells: 0 memorised, 5 levels left

rFire  . . .     SeeInvis .     e - +0 whip (curse)
rCold  . . .     Gourm    .     p - +0 plate armour
rNeg   . . .     Faith    .     c - +0 shield
rPois  .         Spirit   .     (helmet restricted)
rElec  .         Reflect  .     (no cloak)
rCorr  .         Harm     .     (no gloves)
MR     +....                    (no boots)
Stlth  ..........               E - amulet of rage
                                A - ring of protection from magic
                                s - ring of flight

@: lethally poisoned (-1 -> -13), exhausted, slowed, heavily drained, very slow
A: retaliatory headbutt, horns 2
a: Evoke Berserk Rage, Evoke Flight


You were on level 5 of the Dungeon.
You were hungry.

You visited 2 branches of the dungeon, and saw 6 of its levels.

You collected 258 gold pieces.

Inventory:

Hand Weapons
 a - a +0 flail
 e - a cursed +0 whip (weapon)
 B - a +1 mace of crushing
Armour
 c - a +0 shield (worn)
 p - a +0 plate armour (worn)
 D - a +1 cloak
Jewellery
 s - a ring of flight (left hand)
 A - a ring of protection from magic (right hand)
 E - an amulet of rage (around neck)
Wands
 C - a wand of slowing (33/48)
Scrolls
 b - 2 scrolls of random uselessness {unknown}
 g - a scroll of teleportation {unknown}
 h - 2 scrolls of recharging {unknown}
 j - a scroll of fear {unknown}
 l - 2 scrolls of enchant armour {unknown}
 m - a scroll of blinking {unknown}
 o - 3 scrolls of identify {unknown}
 q - a scroll of magic mapping {unknown}
 t - a scroll of amnesia {unknown}
 y - a scroll of remove curse {unknown}
 z - a scroll of fog {unknown}
Potions
 d - a potion of might
 k - 2 potions of curing
 r - a potion of flight {unknown}
 u - 4 potions of heal wounds {unknown}
 x - a potion of agility {unknown}
Comestibles
 f - 4 bread rations
 i - 2 slices of pizza
 n - 3 beef jerkies
 v - 2 meat rations
 w - 8 chunks of flesh


   Skills:
 - Level 5.2(3.9) Fighting
 * Level 7.9(6.5) Maces & Flails
 - Level 3.6(2.4) Armour
 - Level 3.6(2.4) Shields


You had 5 spell levels left.
You didn't know any spells.

Dungeon Overview and Level Annotations

Branches:
Dungeon (5/15)             Temple (1/1) D:4

Altars:
Ashenzari
Cheibriados
Dithmenos
Elyvilon
Fedhas
Hepliaklqana
Kikubaaqudgha
Makhleb
Nemelex Xobeh
Qazlal
Sif Muna
Trog
Uskayaw
Vehumet
Xom
Yredelemnul
Zin
The Shining One

Portals:
Ossuary: D:5

Annotations:
D:3 Sigmund


Innate Abilities, Weirdness & Mutations

You reflexively headbutt those who attack you in melee.
You have a pair of horns on your head.


Message History

You butcher the orc corpse.
* * * LOW HITPOINT WARNING * * *
You feel very sick.
Things that are here:
a ring mail; a chunk of flesh; an orc skeleton
* * * LOW HITPOINT WARNING * * *
You feel sick.
Things that are here:
a trident of venom; a leather armour You are too injured to fight recklessly!
* * * LOW HITPOINT WARNING * * *
You feel very sick.
You see here a ring mail.
You are too injured to fight recklessly!
* * * LOW HITPOINT WARNING * * *
You feel sick.
The orc wizard hits you but does no damage.
The orc wizard casts a spell at you. The magic dart hits you!
You die...

.......... #.....#
#.#.#.# #.....# ##
#.#.#.# ∩.#
###.....#######..###
#......o....#......#
###....#.####o[#.....
#.....###.###@..#
####.#.#..#....[..8#
.........#..####..##
.###.#.###..# #..#
.............. .$...
(..........### ###...
........#### .....
......<....### 8....
#.##.#........ ....


You could see an orc wizard.

Vanquished Creatures
  The ghost of dngmouse the Cudgeler, a weakling MiFi (D:3)
  5 orc wizards (D:4)
  An iguana (D:4)
  2 worker ants (D:4)
  A hound skeleton (D:4)
  Robin (D:2)
  5 adders
  4 oozes
  3 worms
  2 dart slugs (D:2)
  9 orcs
  A ball python (D:2)
  A bat (D:2)
  2 giant cockroaches (D:1)
  14 goblins
  11 hobgoblins
  4 jackals (D:4)
  2 kobolds
  2 quokkas
  5 frilled lizards
  5 rats
81 creatures vanquished.

Notes
Turn   | Place    | Note
-------+----------+-------------------------------------------
     0 | D:1      | dngmouse the Minotaur Fighter began the quest for the Orb.
     0 | D:1      | Reached XP level 1. HP: 19/19 MP: 0/0
   224 | D:1      | Reached skill level 3 in Maces & Flails
   505 | D:1      | Reached XP level 2. HP: 27/27 MP: 1/1
   900 | D:2      | Reached skill level 4 in Maces & Flails
   900 | D:2      | Reached XP level 3. HP: 29/33 MP: 2/2
   943 | D:2      | Noticed Robin
   976 | D:2      | Killed Robin
  1167 | D:2      | Reached XP level 4. HP: 40/41 MP: 3/3
  1412 | D:2      | Reached skill level 5 in Maces & Flails
  1952 | D:3      | Found a shimmering altar of Xom.
  1953 | D:3      | Found a shimmering altar of Xom.
  1987 | D:3      | Noticed Sigmund
  2156 | D:3      | Noticed dngmouse's ghost (weakling MiFi)
  2174 | D:3      | Killed dngmouse's ghost
  2174 | D:3      | Reached skill level 5 in Fighting
  2174 | D:3      | Reached XP level 5. HP: 27/48 MP: 4/4
  2764 | D:4      | Reached skill level 6 in Maces & Flails
  2886 | D:4      | Found a shattered altar of Ashenzari.
  2902 | D:4      | Reached XP level 6. HP: 29/56 MP: 5/5
  3134 | D:4      | Reached skill level 7 in Maces & Flails
  3216 | D:4      | Found a staircase to the Ecumenical Temple.
  3264 | Temple   | Entered the Ecumenical Temple
  3819 | D:5      | Entered Level 5 of the Dungeon
  3865 | D:5      | Found a sand-covered staircase.
  3888 | D:5      | Killed from afar by an orc wizard

Skill      XL: |  1  2  3  4  5  6 |
---------------+-------------------+-----
Maces & Flails | 3 4 5 6 7 |  7.9
Fighting       | 4 5 |  5.2
Armour         | |  3.6
Shields        | |  3.6

Action                   |  1- 3 |  4- 6 || total
-------------------------+-------+-------++-------
Melee: Whip              |   106 |   217 ||   323
       Headbutt          |    14 |    42 ||    56
 Abil: Evoke Berserk Rag |       |     1 ||     1
  Use: Potion            |       |     1 ||     1
  Eat: Chunk             |     1 |     9 ||    10
Armor: Scale mail        |    29 |     3 ||    32
       Plate armour      |       |   137 ||   137
Dodge: Dodged            |    20 |    34 ||    54
Block: Shield            |    42 |    90 ||   132
